 Dungeon Crawl Stone Soup version 0.28-a0-69-g49dcd67cf8 (webtiles) character file.

Game seed: 955054428742789344

89 Sabo the Chopper (level 4, -2/40 HPs)
             Began as a Minotaur Monk on July 26, 2021.
             Was a Priest of Wu Jian.
             Killed by divine providence
             ... invoked by an orc priest
              (8 damage)
             ... on level 3 of the Dungeon on July 31, 2021.
             The game lasted 00:13:13 (2630 turns).

Sabo the Chopper (Minotaur Monk)                    Turns: 2630, Time: 00:13:14

Health: -2/40      AC:  8    Str: 16    XL:     4   Next: 31%
Magic:  3/3        EV:  7    Int:  7    God:    Wu Jian [***...]
Gold:   61         SH:  0    Dex: 13    Spells: 3/3 levels left

rFire   . . .      SeeInvis .   a - +0 hand axe
rCold   . . .      Faith    .   (no shield)
rNeg    . . .      Spirit   .   f - +0 chain mail
rPois   .          Reflect  .   (helmet restricted)
rElec   .          Harm     .   c - scarf {+Inv}
rCorr   .          Rampage  .   (no gloves)
Will    .....                   (no boots)
Stlth   ..........              (no amulet)
HPRegen 0.13/turn               (no ring)
MPRegen 0.08/turn               (no ring)

@: no status effects
A: horns 2, retaliatory headbutt
a: Renounce Religion, Evoke Invisibility, Wall Jump, Serpent's Lash


You were on level 3 of the Dungeon.
You worshipped Wu Jian.
Wu Jian was most pleased with you.
You visited 1 branch of the dungeon, and saw 3 of its levels.

You collected 61 gold pieces.

Inventory:

Hand Weapons
 a - a +0 hand axe (weapon)
Missiles
 i - 13 bolts
 j - 5 javelins (quivered)
Armour
 c - a scarf of invisibility (worn)
 f - a +0 chain mail (worn)
Scrolls
 e - a scroll of acquirement {unknown}
 g - a scroll of noise {unknown}
 h - a scroll of blinking {unknown}
 k - a scroll of identify {unknown}
 l - a scroll of fog {unknown}
Potions
 b - a potion of mutation {unknown}
 d - a potion of flight {unknown}


   Skills:
 + Level 4.2 Fighting
 + Level 4.9 Axes
 + Level 1.4 Armour
 + Level 3.8 Dodging
 + Level 1.8 Stealth


You had 3 spell levels left.
You didn't know any spells.
Your spell library contained the following spells:

 Spells                   Type           Power      Damage    Failure   Level
 Corona                   Hex            0%         N/A       100%        1
 Ensorcelled Hibernation  Hex/Ice        0%         N/A       100%        2
 Tukima's Dance           Hex            0%         N/A       100%        3
 Olgreb's Toxic Radiance  Pois           0%         N/A       100%        4
 Ozocubu's Refrigeration  Ice            0%         4d5       100%        7
 Ignition                 Fire           0%         3d3       100%        8


Dungeon Overview and Level Annotations

Branches:
Dungeon (3/15)

Altars:
Elyvilon
Wu Jian
Zin


Innate Abilities, Weirdness & Mutations

You have a pair of horns on your head.
You reflexively headbutt those who attack you in melee.


Message History

You hit something. Something hits you.
The orc priest invokes the aid of Beogh against you.
You barely resist.
You hit the orc priest but do no damage.
Your headbutt misses the orc priest.
The orc priest is heavily wounded.
You hit something. Something hits you.
The orc priest hits you with a +0 flail.
* * * LOW HITPOINT WARNING * * *
You barely miss the orc priest. You headbutt the orc priest.
The orc priest is severely wounded.
You miss something. Something hits you.
* * * LOW HITPOINT WARNING * * *
The orc priest hits you but does no damage.
You hit the orc priest but do no damage.
Your headbutt misses the orc priest.
The orc priest is severely wounded.
Your chain mail prevents you from hitting something.
Something hits you.
* * * LOW HITPOINT WARNING * * *
The orc priest hits you with a +0 flail.
* * * LOW HITPOINT WARNING * * *
Something hits you but does no damage.
There is an escape hatch in the ceiling here.
You closely miss the orc priest.
You headbutt the orc priest, but do no damage.
The orc priest is heavily wounded.
The orc priest hits you but does no damage.
You hit the orc priest. Your headbutt misses the orc priest.
The orc priest is severely wounded.
The orc priest begins to cast a cantrip, but forgets the words!
You closely miss the orc priest.
The orc priest is severely wounded.
The orc priest barely misses you.
Your chain mail prevents you from hitting the orc priest.
You headbutt the orc priest.
The orc priest is almost dead.
The orc priest invokes the aid of Beogh against you.
Beogh smites you!
You die...

#.###.####.....#......#
##...## ##...####.####
##### ##.## ..# #.# $.#
#.# ...# #.# ..# #>#
#.# #.# #@# #o########
#.)....... ##########


You could see an orc priest.

Vanquished Creatures
  An iguana (D:3)
  2 adders
  2 dart slugs
  3 orcs (D:3)
  2 endoplasms
  2 giant cockroaches
  3 hobgoblins
  5 jackals (D:2)
  A quokka (D:3)
  5 ball pythons
  3 bats
  2 frilled lizards
  2 goblins
  3 kobolds (D:1)
  2 rats
38 creatures vanquished.

Vanquished Creatures (others)
  10 plants (D:3)
10 creatures vanquished.

Grand Total: 48 creatures vanquished

Notes
Turn   | Place    | Note
-------+----------+-------------------------------------------
     0 | D:1      | Sabo the Minotaur Monk began the quest for the Orb.
     0 | D:1      | Reached XP level 1. HP: 19/19 MP: 0/0
   349 | D:1      | Found a faded altar of an unknown god.
   521 | D:1      | Reached XP level 2. HP: 22/27 MP: 1/1
   596 | D:1      | Became a worshipper of the Wu Jian Council
   596 | D:1      | Reached * piety under Wu Jian
   596 | D:1      | Reached ** piety under Wu Jian
  1658 | D:2      | Found a glowing silver altar of Zin.
  1736 | D:2      | Reached XP level 3. HP: 33/33 MP: 2/2
  1961 | D:2      | Reached *** piety under Wu Jian
  2048 | D:2      | Upgraded the game from 0.28-a0-10-g964c8b829e to
                  | 0.28-a0-69-g49dcd67cf8
  2231 | D:3      | Reached skill level 1 in Armour
  2231 | D:3      | Reached XP level 4. HP: 26/40 MP: 3/3
  2388 | D:3      | Found a white marble altar of Elyvilon.
  2630 | D:3      | Killed from afar by an orc priest

Illustrated notes

Levels and vault maps discovered:
D:1:      dpeg_arrival_refuge, layout_basic,
          hellmonk_ecumenical_altar_pennies_from_heaven
D:2:      layout_loops_ring, basic_altar
D:3:      layout_loops_ring, nicolae_elyvilon_temple_path,
          nicolae_vehumet_radiance, uniq_robin

Skill      XL: |  1  2  3 |
---------------+----------+-----
Fighting       | 4 |  4.2
Axes           | 4 |  4.9
Armour         | 1 |  1.4
Dodging        | |  3.8
Stealth        | |  1.8

Action                   |  1- 3 |  4- 6 || total
-------------------------+-------+-------++-------
Melee: Hand axe          |    89 |    26 ||   115
       Headbutt          |    10 |     7 ||    17
Invok: Lunge             |    10 |     2 ||    12
       Whirlwind         |     6 |     4 ||    10
Armor: Chain mail        |    32 |     9 ||    41
       Ring mail         |     3 |       ||     3
Dodge: Dodged            |    32 |     1 ||    33

Table legend: (Time is in decaauts)
 A = Elapsed time spent in this place.
 B = Non-inter-level travel time spent in this place.
 C = Inter-level travel time spent in this place.
 D = Time resting spent in this place.
 E = Time spent auto-exploring this place.
 F = Levels seen in this place.
 G = Mean time per level.
                   A        B        C        D        E       F      G
               +--------+--------+--------+--------+--------+-----+--------+
         Total |   2639 |   2639 |      0 |    682 |      0 |   3 |  879.7 |
       Dungeon |   2639 |   2639 |      0 |    682 |      0 |   3 |  879.7 |
               +--------+--------+--------+--------+--------+-----+--------+

Top non-repeatable levels by time:
     D:1: 1321 daAuts
     D:2: 735 daAuts
     D:3: 582 daAuts
